 Dungeon Crawl Stone Soup version 0.32-a0-791-gfc315c9ecd (webtiles) character file.

Game seed: 3190155704280749336

29 Esekla the Sneak (level 3, 26/26 HPs)
             Began as an Octopode Delver on Mar 20, 2024.
             Quit the game on level 5 of the Dungeon.
             The game lasted 00:02:40 (277 turns).

Esekla the Sneak (Octopode Delver)                   Turns: 277, Time: 00:02:41

Health: 26/26      AC:  1    Str: 17    XL:     3   Next: 16%
Magic:  3/3        EV: 12    Int: 14    God:
Gold:   0          SH:  5    Dex: 13    Spells: 3/3 levels left

rFire   . . .        a - +0 falchion
rCold   . . .        (no shield)
rNeg    . . .        (helmet restricted)
rPois   .            c - amulet of reflection
rElec   .            g - +6 ring of strength
rCorr   .            (no ring)
SInv    .            (no ring)
Will    .....        (no ring)
Stlth   +++++        (no ring)
HPRegen 0.24/turn    (no ring)
MPRegen 0.08/turn    (no ring)
                     (no ring)

%: reflection
@: no status effects
A: almost no armour, amphibious, 8 rings, camouflage 1, gelatinous body 1,
nimble swimmer 1, tentacles
a: no special abilities


You were on level 5 of the Dungeon.
You visited 1 branch of the dungeon, and saw 1 of its levels.

Inventory:

Hand Weapons
 a - a +0 falchion (weapon)
Jewellery
 c - an amulet of reflection (around mantle)
 g - a +6 ring of strength (left tentacle)
Wands
 f - a wand of digging (3)
Scrolls
 b - a scroll of fog
 d - a scroll of fear
 h - a scroll of immolation {unknown}
 i - a scroll of noise {unknown}
Potions
 e - a potion of haste


   Skills:
 * Level 3.2 Fighting
 + Level 2.1 Long Blades
 * Level 2.2 Dodging
 + Level 7.2 Stealth
 * Level 0.6 Spellcasting


You had 3 spell levels left.
You didn't know any spells.
Your spell library was empty.

Dungeon Overview and Level Annotations

Branches:
Dungeon (5/15)
 Temple: D:4-7

Altars:
Elyvilon
The Shining One


Innate Abilities, Weirdness & Mutations

You cannot wear most types of armour.
You are amphibious.
You can wear up to eight rings at the same time.
Your skin changes colour to match your surroundings (Stealth+).
Your rubbery body absorbs attacks. (AC +1, EV +1)
You are camouflaged when in or above water. (Stealth+)
You have tentacles for arms and can constrict up to eight enemies at once.


Message History

You feel stronger.
g - a +6 ring of strength (left tentacle)
There is a stone staircase leading down here.
Found 16 gold pieces.
An iguana comes into view.
There is a stone staircase leading down here.
Found a dazzling leather armour.
You see here the +0 leather armour "Axkeryics" {Fly rN+ Will+ Slay+3}.
Found an escape hatch in the ceiling.
A kobold zombie comes into view.
A hobgoblin zombie comes into view.
A kobold zombie comes into view.
You open the door.
A kobold zombie, a white imp, an orc skeleton and 3 hobgoblin zombies come into view.
Found a falchion.
Found a glowing golden altar of the Shining One.
You close the door.
You start waiting.
A hobgoblin zombie is nearby!
You barely miss the hobgoblin zombie. You grab the hobgoblin zombie.
You constrict the hobgoblin zombie. The hobgoblin zombie hits you.
You hit the hobgoblin zombie. You squeeze the hobgoblin zombie.
You destroy the hobgoblin zombie!
You hit the hobgoblin zombie. You grab the hobgoblin zombie.
The hobgoblin zombie is moderately damaged.
You constrict the hobgoblin zombie. The hobgoblin zombie hits you.
You hit the hobgoblin zombie.
You destroy the hobgoblin zombie!
You start resting.
HP restored.
Found 6 stones.
Found a scroll labelled XOXER ORUDAWI.
h - a scroll labelled XOXER ORUDAWI
Found a scroll labelled LIOCACL TUUSUHI.
i - a scroll labelled LIOCACL TUUSUHI
Found a stone staircase leading up.
You enter the deep water.
Found a white marble altar of Elyvilon.
You enter the shallow water.
Are you sure you want to abandon this character and quit the game? (Confirm with "yes".)

*,..####.####### *,*
,...^<........#*##### **,*
*...########..##....###******,,*
**,** #...........,,,,**,** **,*
#........##****,**>* **,**
#...≈~≈...# *,**,* ,,,,*
#..≈≈~≈≈..#****,**,*** ***,*
#..~~♣~~..#,,,,,,,,*,, * *,*
#..≈≈@≈≈..#,*,,,,,**,* ***,*
♣...≈~≈...♣**,***,**,* ,,,,*
♣♣.......♣♣ *** *,,,,* *,***
♣♣.....♣♣ ****,**** *,* ♣♣...♣♣
*,,,,* *,* **.....** *,,*** ,,*
**.......** **** *** *...≈~≈...*
*♣..≈≈~≈≈..♣* ********


There were no monsters in sight!

Vanquished Creatures
  A hound (D:5)
  2 hobgoblin zombies (D:5)
3 creatures vanquished.

Notes
Turn   | Place    | Note
-------+----------+-------------------------------------------
     0 | D:5      | Esekla the Octopode Delver began the quest for the Orb.
     0 | D:5      | Reached XP level 1. HP: 16/16 MP: 1/1
    16 | D:5      | Noticed a hound
    33 | D:5      | Killed a hound
    34 | D:5      | Reached skill level 7 in Stealth
    34 | D:5      | Reached XP level 2. HP: 7/21 MP: 2/2
    34 | D:5      | Reached XP level 3. HP: 9/26 MP: 3/3
   147 | D:5      | Identified the +0 leather armour "Axkeryics" {Fly rN+ Will+
                  | Slay+3}
   187 | D:5      | Found a glowing golden altar of the Shining One.
   274 | D:5      | Found a white marble altar of Elyvilon.
   277 | D:5      | Quit the game

Illustrated notes

Levels and vault maps discovered:
D:5:      layout_loops_ring, nicolae_tso_besieged_by_evil, elyvilon_altar_3

Skill      XL: |  1 |
---------------+----+-----
Stealth        | 7 |  7.2
Fighting       | |  3.2
Long Blades    | |  2.1
Dodging        | |  2.2
Spellcasting   | |  0.6

Action                     || total
---------------------------++-------
  Melee: Falchion          ||     8
         Constrict         ||     3
         Tentacles         ||     2
    Use: Scroll            ||     1
 Armour: Skin              ||     5
  Dodge: Dodged            ||     2

Table legend: (Time is in decaauts)
 A = Elapsed time spent in this place.
 B = Non-inter-level travel time spent in this place.
 C = Inter-level travel time spent in this place.
 D = Time resting spent in this place.
 E = Time spent auto-exploring this place.
 F = Levels seen in this place.
 G = Mean time per level.
                   A        B        C        D        E       F      G
               +--------+--------+--------+--------+--------+-----+--------+
         Total |    278 |    278 |      0 |     86 |      0 |   1 |  278.0 |
       Dungeon |    278 |    278 |      0 |     86 |      0 |   1 |  278.0 |
               +--------+--------+--------+--------+--------+-----+--------+

Top non-repeatable levels by time:
     D:5: 278 daAuts
